 Dungeon Crawl Stone Soup version 0.30-a0-371-gad7725a (webtiles) character file.

Game seed: 7300942314227986911

181382 Dorkslayer the Impaler (level 17, -3/139 HPs)
             Began as a Merfolk Fighter on Nov 17, 2022.
             Was an Initiate of Gozag.
             Slain by a death yak (6 damage)
             ... led by Polyphemus
             ... on level 2 of the Shoals on Nov 20, 2022.
             The game lasted 02:09:18 (34411 turns).

Dorkslayer the Impaler (Merfolk Fighter)           Turns: 34411, Time: 02:09:19

Health: -3/139     AC: 24    Str: 27    XL:     17   Next: 94%
Magic:  17/17      EV:  9    Int: 17    God:    Gozag
Gold:   7911       SH: 13    Dex: 18    Spells: 16/16 levels left

rFire   + . .      SeeInvis .    h - +7 demon trident (flame)
rCold   + . .      Faith    .    Y - +0 kite shield {rC+ rF+}
rNeg    + . .      Spirit   .    D - +2 plate armour {rPois}
rPois   +          Reflect  .    b - +1 hat "Naipsutue" {Will+ Dex+2}
rElec   .          Harm     .    Q - +0 cloak
rCorr   +          Rampage  ∞    q - +0 pair of gloves
Will    +++..                    B - +3 pair of seven-league boots {Rampage+∞}
Stlth   ..........               a - amulet of the acrobat
HPRegen 0.43/turn                t - ring "Pasem" {Will+ Int+6 Dex+3 Slay+5}
MPRegen 0.15/turn                y - ring of Cacom {rN+ rCorr Str+6}

@: no status effects
A: (nimble swimmer 2), mertail
}: 1/15 runes: serpentine
a: Renounce Religion, Potion Petition, Call Merchant, Bribe Branch


You were on level 2 of the Shoals.
You worshipped Gozag.
Gozag was greatly pleased with you.
You visited 6 branches of the dungeon, and saw 26 of its levels.
You also visited: Sewer, Gauntlet and Ice Cave.

You collected 9991 gold pieces.
You spent 2035 gold pieces at shops.
You paid 45 gold pieces to Gozag.

Inventory:

Hand Weapons
 h - a +7 demon trident of flaming (weapon)
 H - a +1 broad axe
Missiles
 c - 10 boomerangs (quivered)
 n - 10 curare-tipped darts
 S - 3 javelins
 V - 2 throwing nets
Armour
 b - the +1 hat "Naipsutue" (worn) {Will+ Dex+2}
   (You acquired it on level 6 of the Dungeon)

   Dex:       It affects your dexterity (+2).
   Will:      It increases your willpower.
 q - a +0 pair of gloves (worn)
 s - a +2 tower shield of cold resistance
 B - the +3 pair of seven-league boots (worn) {Rampage+∞}
   (You acquired it on level 6 of the Dungeon)

   Its wearer moves as far as possible in that direction when moving towards
   enemies.
 D - a +2 plate armour of poison resistance (worn)
 Q - a +0 cloak (worn)
 Y - a +0 kite shield of resistance (worn)
Jewellery
 a - an amulet of the acrobat (around neck)
 t - the ring "Pasem" (left hand) {Will+ Int+6 Dex+3 Slay+5}
   (You found it on level 5 of the Lair of Beasts)

   [ring of intelligence]

   Int:       It affects your intelligence (+6).
   Dex:       It affects your dexterity (+3).
   Slay:      It affects your accuracy & damage with ranged weapons and melee
   (+5).
   Will:      It increases your willpower.
 y - the ring of Cacom (right hand) {rN+ rCorr Str+6}
   (You found it in a Gauntlet)

   [ring of resist corrosion]

   Str:       It affects your strength (+6).
   rN:        It protects you from negative energy.
   rCorr:     It protects you from acid and corrosion.
 J - the ring of Miaf {+Blink rN+ Str+2}
   (You found it on level 5 of the Lair of Beasts)

   [ring of positive energy]

   Str:       It affects your strength (+2).
   rN:        It protects you from negative energy.
   +Blink:    It lets you blink.
Wands
 o - a wand of flame (8)
 u - a wand of charming (21)
 C - a wand of digging (10)
 F - a wand of polymorph (31)
 I - a wand of iceblast (19)
 K - a wand of mindburst (6)
Scrolls
 j - 5 scrolls of amnesia
 l - 3 scrolls of butterflies
 r - 3 scrolls of enchant armour
 A - 6 scrolls of immolation
 E - a scroll of fear
 L - 7 scrolls of teleportation
 M - 2 scrolls of poison
 T - 6 scrolls of identify
Potions
 d - 3 potions of magic
 f - 6 potions of mutation
 i - 2 potions of lignification
 k - 4 potions of cancellation
 p - 6 potions of flight
 v - a potion of berserk rage
 w - 2 potions of brilliance
 x - 2 potions of resistance
Miscellaneous
 N - a condenser vane
 U - a phantom mirror
 Z - a lightning rod (4/4)


   Skills:
 + Level 14.2 Fighting
 + Level 18.4 Polearms
 * Level 13.0 Throwing
 + Level 9.8 Armour
 + Level 5.2 Dodging
 + Level 5.0 Stealth
 + Level 13.4 Shields
 * Level 13.4 Evocations


You had 16 spell levels left.
You didn't know any spells.
Your spell library contained the following spells:

 Spells                   Type           Power      Damage    Failure   Level
 Cigotuvi's Dreadful Rot  Necr/Pois/Air  0%         N/A       99%         2
 Ensorcelled Hibernation  Hex/Ice        0%         N/A       99%         2
 Dazzling Flash           Conj/Hex       0%         N/A       100%        3
 Frozen Ramparts          Ice            0%         1d1       100%        3
 Ozocubu's Armour         Ice            0%         N/A       100%        3
 Portal Projectile        Hex/Tloc       0%         N/A       100%        3
 Spider Form              Tmut/Pois      0%         N/A       100%        3
 Summon Guardian Golem    Hex/Summ       0%         N/A       100%        3
 Tukima's Dance           Hex            0%         N/A       100%        3
 Airstrike                Air            0%         2d(0-16)  100%        4
 Anguish                  Hex/Necr       0%         N/A       100%        4
 Dispel Undead            Necr           0%         3d6       100%        4
 Ice Form                 Ice/Tmut       0%         N/A       100%        4
 Petrify                  Tmut/Erth      0%         N/A       100%        4
 Summon Ice Beast         Ice/Summ       0%         N/A       100%        4
 Summon Lightning Spire   Summ/Air       0%         N/A       100%        4
 Agony                    Necr           0%         N/A       100%        5
 Alistair's Intoxication  Tmut/Pois      0%         N/A       100%        5
 Blade Hands              Tmut           0%         N/A       100%        5
 Borgnjor's Vile Clutch   Necr/Erth      0%         N/A       100%        5
 Lightning Bolt           Conj/Air       0%         1d11      100%        5
 Metabolic Englaciation   Hex/Ice        0%         N/A       100%        5
 Silence                  Hex/Air        0%         N/A       100%        5
 Summon Mana Viper        Hex/Summ       0%         N/A       100%        5
 Yara's Violent Unravell  Hex/Tmut       0%         3d3       100%        5
 Death Channel            Necr           0%         N/A       100%        6
 Eringya's Noxious Bog    Tmut/Pois      0%         N/A       100%        6
 Statue Form              Tmut/Erth      0%         N/A       100%        6
 Enfeeble                 Hex            0%         N/A       100%        7
 Monstrous Menagerie      Summ           0%         N/A       100%        7
 Orb of Destruction       Conj           0%         9d5       100%        7
 Spellforged Servitor     Conj/Summ      0%         N/A       100%        7
 Borgnjor's Revivificati  Necr           0%         N/A       100%        8
 Necromutation            Tmut/Necr      0%         N/A       100%        8
 Chain Lightning          Conj/Air       0%         N/A       100%        9
 Death's Door             Necr           0%         N/A       100%        9
 Simulacrum               Ice/Necr       Unusable   N/A       N/A         6

Dungeon Overview and Level Annotations

Branches:
Dungeon (12/15)            Temple (1/1) D:4            Lair (5/5) D:10
 Shoals (2/4) Lair:2        Snake (4/4) Lair:2        Slime (0/5) Lair:4
    Orc (2/2) D:10            Elf (0/3) Orc:2         Sewer (visited)
  IceCv (visited)         Gauntlet (visited)

Altars:
Ashenzari
Cheibriados
Dithmenos
Elyvilon
Fedhas
Gozag
Hepliaklqana
Kikubaaqudgha
Makhleb
Nemelex Xobeh
Qazlal
Ru
Sif Muna
Trog
Uskayaw
Vehumet
Wu Jian
Xom
Yredelemnul
Zin
The Shining One
Jiyva

Shops:
D:4 !   Orc:1 :   Orc:2 (*[=

Portals:
Hell: Lair:5

Annotations:
Temple 2 transporters
Shoals:2 Polyphemus


Innate Abilities, Weirdness & Mutations

((You are very nimble when in or above water. (Stealth+, EV+, Speed+++)))
Your lower body shifts to a powerful aquatic tail in water.


Message History

The catoblepas gores you but does no damage.
The death yak gores you! Polyphemus throws the death yak at you!
The death yak gores you. The catoblepas gores you. x2
Polyphemus barely misses you. Polyphemus hits you but does no damage.
The death yak gores you.
Polyphemus stops moving altogether!
The catoblepas gores you. The death yak gores you. The catoblepas gores you!!
* * * LOW HITPOINT WARNING * * *
The death yak gores you!
* * * LOW HITPOINT WARNING * * *
The catoblepas gores you!!
* * * LOW HITPOINT WARNING * * *
The death yak gores you but does no damage.
You turn to flesh and can move again.
There is a stone staircase leading down here.
Unknown command.
As you read the scroll of fear, it crumbles to dust.
You assume a fearsome visage.
Polyphemus looks frightened!
The catoblepas resists with almost no effort.
The death yak resists with some effort.
The catoblepas gores you!!
* * * LOW HITPOINT WARNING * * *
The death yak gores you but does no damage.
Unknown command.
Okay, then.
Okay, then.
Okay, then.
Okay, then.
Okay, then.
You puncture the death yak! You burn the death yak.
The death yak is lightly wounded.
You block the catoblepas's attack. The death yak gores you.
* * * LOW HITPOINT WARNING * * *
You puncture the death yak! You burn the death yak.
The death yak is moderately wounded.
You impale the death yak!! You burn the death yak!
The death yak is almost dead.
You block the catoblepas's attack. The death yak gores you.
You die...
Your body crumbles into a pile of gold.

..~~~~~..## #...~~~....
..~~~.~~~~ ######
##.~~~~~~~.
≈≈≈~~~......####...~~~~~..
≈≈≈≈≈~~~~~...........~~~..
≈≈≈≈≈~~~~~.........~~~~~#
≈≈≈≈≈≈~~~~~~..~~YC.....[.#
≈≈≈≈≈≈≈~~~~~~:..@........#
≈≈≈≈≈≈≈≈≈~~~~~.Y###.....~.
≈~~~~~~~≈≈≈~~~..## .~~~~~.
~~.....~≈≈≈~~~~..##.~~~~..
~~.###..~≈≈≈~~~~~...~~~~=#
~..# ##.~~~≈≈~~~~~.~~~~~..
~~.######.~≈≈≈~~~~~~~~~~~
~~...# ##.~≈≈~~~~~~~~~
~~~..# ##..>~~~~~~~~~


You could see Polyphemus (petrified, fleeing), a death yak and a catoblepas.

Vanquished Creatures
  Vashnia (Snake:4)
  Gastronok (D:9)
  A kraken (Shoals:1)
  Donald (Snake:2)
  5 nagarajas (Snake:4)
  A balrug (Orc:1)
  Aizul (Snake:3)
  An orc warlord (Orc:2)
  The ghost of Caterwaul the Fighter, a journeyman HuMo of the Shining One (Lair:5)
  A reaper (IceCv)
  The ghost of ultrashaft the Brawler, a journeyman TrFi of Wu Jian (Lair:5)
  A minotaur (Gauntlet)
  A merfolk impaler (Shoals:1)
  Fannar (Orc:2)
  10 hydras
  Harold (D:10)
  3 salamander tyrants
  10 anacondas
  2 boulder beetles
  A two-headed ogre (Orc:2)
  A tengu warrior (D:11)
  6 death yaks
  23 naga warriors
  23 naga sharpshooters
  3 orc high priests (Orc:2)
  A sun demon (Lair:5)
  6 shock serpents
  The ghost of Caerwyn the Grappler, a novice TrMo (D:8)
  Sonja (Lair:1)
  8 salamander mystics
  7 naga ritualists
  5 orc knights
  A necromancer (Gauntlet)
  A wizard (Lair:5)
  A deep elf pyromancer (D:11)
  9 mana vipers
  An oklob plant (Lair:5)
  2 orc sorcerers (Orc:2)
  A slime creature (D:8)
  25 salamanders
  2 cyclopes
  7 fauns (Shoals:1)
  4 merfolk sirens (Shoals:1)
  Maurice (Orc:1)
  37 black mambas
  12 elephants
  A torpor snail (Lair:4)
  2 water nymphs
  7 guardian serpents
  2 ice statues (IceCv)
  18 naga magi
  An orange demon (Lair:5)
  13 cane toads
  A gargoyle (D:10)
  A kobold demonologist (D:7)
  A freezing wraith (IceCv)
  5 rime drakes
  A hellwing (Lair:5)
  A tengu conjurer (D:12)
  12 ice devils
  4 komodo dragons
  A polar bear (Lair:5)
  2 merfolk (Shoals:1)
  7 trolls
  5 hornets
  23 blink frogs
  6 dream sheep (Lair:4)
  2 snapping turtles (Shoals:1)
  2 shadows
  3 wyverns
  Sigmund (D:2)
  A water elemental (Shoals:1)
  34 yaks
  A basilisk (Lair:5)
  2 steam dragons
  Edmund (D:6)
  A death yak simulacrum (IceCv)
  A harpy simulacrum (IceCv)
  67 nagas
  4 wargs
  3 swamp worms (Gauntlet)
  2 acid dragons
  12 water moccasins
  5 hell hounds (Lair:5)
  25 orc warriors
  3 sky beasts
  3 black bears
  6 ogres
  3 phantoms
  A centaur (D:10)
  3 kobold brigands
  7 bullfrogs
  2 two-headed ogre simulacra (IceCv)
  3 gnoll sergeants
  2 scorpions
  3 elephant simulacra (IceCv)
  6 killer bees
  3 howler monkeys
  15 orc priests
  5 jellies
  A gnoll bouda (D:5)
  2 iguanas (D:6)
  Ijyb (D:3)
  10 orc wizards
  A spriggan simulacrum (IceCv)
  2 troll simulacra (IceCv)
  A wolf simulacrum (IceCv)
  2 polar bear simulacra (IceCv)
  Robin (D:2)
  13 gnolls
  3 river rats (Sewer)
  9 adders
  3 naga simulacra (IceCv)
  6 white imps
  An ufetubus (D:4)
  5 worms (D:3)
  2 dart slugs (D:1)
  56 orcs
  9 endoplasms
  2 giant cockroaches (D:1)
  18 goblins
  8 hobgoblins
  8 jackals
  3 quokkas
  9 ball pythons
  4 bats
  2 frilled lizards (D:1)
  19 kobolds
  5 rats
  A bush (Lair:5)
787 creatures vanquished.

Vanquished Creatures (collateral kills)
  Snorg (Orc:1)
  An ice devil (D:11)
  An orc warrior (Orc:1)
  5 centaurs (D:11)
  An orc wizard (Orc:1)
  2 orcs (Orc:1)
11 creatures vanquished.

Vanquished Creatures (others)
  A centaur warrior (D:11)
  2 gnolls (D:5)
  63 fungi
  49 plants
  4 tentacles (Shoals:1)
119 creatures vanquished.

Grand Total: 917 creatures vanquished

Notes
Turn   | Place    | Note
-------+----------+-------------------------------------------
     0 | D:1      | Dorkslayer the Merfolk Fighter began the quest for the Orb.
     0 | D:1      | Reached XP level 1. HP: 18/18 MP: 1/1
    77 | D:1      | Reached XP level 2. HP: 24/24 MP: 2/2
   222 | D:1      | Found a faded altar of an unknown god.
   264 | D:1      | Reached skill level 3 in Polearms
   322 | D:1      | Reached XP level 3. HP: 30/30 MP: 3/3
   771 | D:2      | Found a white marble altar of Elyvilon.
   787 | D:2      | Reached XP level 4. HP: 37/37 MP: 4/4
   986 | D:2      | Reached skill level 4 in Polearms
  1290 | D:2      | Noticed Robin
  1306 | D:2      | Killed Robin
  1412 | D:2      | Noticed Sigmund
  1419 | D:2      | Killed Sigmund
  1420 | D:2      | Reached skill level 5 in Polearms
  1420 | D:2      | Reached skill level 1 in Dodging
  1420 | D:2      | Reached XP level 5. HP: 8/42 MP: 5/5
  1420 | D:2      | Reached XP level 6. HP: 10/48 MP: 6/6
  1675 | D:3      | Noticed Ijyb
  1683 | D:3      | Killed Ijyb
  2028 | D:3      | Reached skill level 6 in Polearms
  2125 | D:3      | Identified the +3 scale mail of Ashenzari {rC- Str+5}
  2749 | D:4      | Reached skill level 1 in Evocations
  2823 | D:4      | Found Surri's Distillery.
  2850 | D:4      | Reached XP level 7. HP: 55/55 MP: 7/7
  2944 | D:4      | Found a staircase to the Ecumenical Temple.
  2958 | Temple   | Entered the Ecumenical Temple
  2958 | Temple   | Found a transporter.
  2958 | Temple   | Found a transporter.
  2960 | Temple   | Found a transporter.
  2960 | Temple   | Found a transporter.
  2977 | Temple   | Became a worshipper of Gozag Ym Sagoz the Greedy
  3109 | D:4      | Identified the +1 chain mail "Poupt" {rElec rF+ rC+++}
  3501 | D:5      | Entered Level 5 of the Dungeon
  3630 | D:5      | Found a blossoming altar of Fedhas.
  3632 | D:5      | Found a shadowy altar of Dithmenos.
  3640 | D:5      | Found a radiant altar of Vehumet.
  3643 | D:5      | Found an ornate altar of the Wu Jian Council.
  3644 | D:5      | Found a shimmering altar of Xom.
  3650 | D:5      | Found a broken altar of Ashenzari.
  3651 | D:5      | Found a glowing silver altar of Zin.
  3841 | D:5      | Reached skill level 7 in Polearms
  4082 | D:5      | Found a sparkling altar of Nemelex Xobeh.
  4423 | D:6      | Identified a scroll of acquirement
  4423 | D:6      | Acquired the +1 hat "Naipsutue" {Will+ Dex+2}
  4448 | D:6      | Reached XP level 8. HP: 37/61 MP: 8/8
  4536 | D:6      | Reached skill level 8 in Polearms
  4619 | D:6      | Noticed Edmund
  4626 | D:6      | Killed Edmund
  4662 | D:6      | Reached skill level 5 in Fighting
  4662 | D:6      | Reached skill level 9 in Polearms
  4685 | D:6      | Found a glowing drain.
  4694 | Sewer    | Entered a sewer
  4870 | Sewer    | Found a white marble altar of Elyvilon.
  5302 | D:6      | Reached XP level 9. HP: 45/68 MP: 9/9
  5375 | D:6      | Acquired a +2 vampiric demon trident
  5378 | D:6      | Acquired the +3 pair of seven-league boots {Rampage+∞}
  5378 | D:6      | Found the +3 pair of seven-league boots {Rampage+∞}
  5434 | D:7      | Reached skill level 10 in Polearms
  5498 | D:7      | Reached skill level 5 in Evocations
  5601 | D:7      | Noticed a kobold demonologist
  5614 | D:7      | Killed a kobold demonologist
  5621 | D:7      | Reached skill level 5 in Shields
  5628 | D:7      | Reached skill level 11 in Polearms
  5798 | D:7      | Found a stormy altar of Qazlal.
  6060 | D:8      | Found a runed translucent gate.
  6061 | D:8      | Found a runed translucent gate.
  6062 | D:8      | Found a runed translucent gate.
  6064 | D:8      | Noticed Caerwyn's ghost (novice TrMo)
  6137 | D:8      | Reached XP level 10. HP: 75/76 MP: 10/10
  6157 | D:8      | Reached skill level 1 in Stealth
  6465 | D:8      | Found a viscous altar of Jiyva.
  6494 | D:8      | Killed Caerwyn's ghost
  6495 | D:8      | Reached skill level 12 in Polearms
  6596 | D:9      | Noticed Gastronok
  6629 | D:9      | Killed Gastronok
  6630 | D:9      | Reached skill level 13 in Polearms
  6640 | D:9      | Reached skill level 5 in Armour
  7045 | D:10     | Entered Level 10 of the Dungeon
  7069 | D:10     | Reached XP level 11. HP: 80/84 MP: 11/11
  7252 | D:10     | Found a staircase to the Lair.
  7295 | D:10     | Found a staircase to the Orcish Mines.
  7752 | D:11     | Noticed a centaur warrior
  7759 | D:11     | Found a frozen archway.
  7761 | D:11     | Noticed a deep elf pyromancer
  7766 | D:11     | Reached skill level 14 in Polearms
  7770 | D:11     | Killed a deep elf pyromancer
  7778 | D:11     | Noticed a cyclops
  7788 | IceCv    | Entered an ice cave
  8070 | IceCv    | Noticed a reaper
  8134 | IceCv    | Reached skill level 1 in Throwing
  8578 | IceCv    | Killed a reaper
  8579 | IceCv    | Reached skill level 5 in Throwing
  8727 | IceCv    | Reached XP level 12. HP: 85/92 MP: 12/12
  9926 | D:12     | Noticed a tengu warrior
  9968 | D:11     | Killed a tengu warrior
 10260 | D:12     | Noticed a boulder beetle
 10291 | D:12     | Killed a boulder beetle
 10510 | Orc:1    | Entered Level 1 of the Orcish Mines
 10718 | Orc:1    | Noticed Snorg
 10760 | Orc:1    | Killed Snorg
 10884 | Orc:2    | Entered Level 2 of the Orcish Mines
 10884 | Orc:2    | Noticed an orc high priest
 10884 | Orc:2    | Found Nuonar's General Store.
 10890 | Orc:2    | Killed an orc high priest
 11132 | Orc:2    | Bought a wand of acid (5) for 315 gold pieces
 11132 | Orc:2    | Bought a potion of resistance for 150 gold pieces
 11132 | Orc:2    | Bought a scroll of butterflies for 60 gold pieces
 11251 | Orc:2    | Found Tiuvoyhegu's Antique Weapon Boutique.
 11290 | Orc:2    | Found a staircase to the Elven Halls.
 11497 | Orc:2    | Found Kaom's Antique Armour Emporium.
 11497 | Orc:2    | Noticed an orc high priest
 11515 | Orc:2    | Reached skill level 15 in Polearms
 11515 | Orc:2    | Killed an orc high priest
 11516 | Orc:2    | Reached XP level 13. HP: 62/101 MP: 13/13
 11812 | Orc:2    | Noticed an orc warlord
 11822 | Orc:2    | Killed an orc warlord
 11932 | Orc:2    | Bought a glowing plate armour for 910 gold pieces
 12291 | Orc:2    | Found Qivoerui's Jewellery Shop.
 12337 | Orc:2    | Bought an amulet of the acrobat for 360 gold pieces
 12531 | Orc:1    | Noticed Fannar
 12549 | Orc:2    | Killed Fannar
 12876 | Orc:1    | Reached skill level 10 in Fighting
 12943 | Orc:1    | Found a runed translucent door.
 12945 | Orc:1    | Noticed a balrug
 12973 | Orc:1    | Killed a balrug
 13229 | Orc:1    | Noticed Maurice
 13241 | Orc:1    | Killed Maurice
 13306 | Orc:1    | Found Sepryfosh's Book Shoppe.
 13573 | D:4      | Bought a potion of lignification for 36 gold pieces
 13573 | D:4      | Bought a potion of invisibility for 96 gold pieces
 13573 | D:4      | Bought a potion of degeneration for 12 gold pieces
 13573 | D:4      | Bought a potion of cancellation for 96 gold pieces
 13719 | Lair:1   | Entered Level 1 of the Lair of Beasts
 13719 | Lair:1   | Noticed Harold
 13746 | D:10     | Killed Harold
 14436 | Lair:1   | Reached skill level 10 in Evocations
 14545 | Lair:1   | Noticed Sonja
 14552 | Lair:1   | Killed Sonja
 15025 | Lair:2   | Found a staircase to the Shoals.
 15271 | Lair:2   | Found a staircase to the Snake Pit.
 15310 | Lair:2   | Reached XP level 14. HP: 37/111 MP: 14/14
 16317 | Lair:3   | You fall into a shaft and drop 2 floors!
 16317 | Lair:5   | Entered Level 5 of the Lair of Beasts
 16476 | Lair:5   | Found a runed translucent gate.
 16476 | Lair:5   | Found a runed translucent gate.
 16476 | Lair:5   | Found a runed translucent gate.
 16476 | Lair:5   | Noticed ultrashaft's ghost (journeyman TrFi)
 16477 | Lair:5   | Noticed Caterwaul's ghost (journeyman HuMo)
 16481 | Lair:5   | Found a gate leading to a gauntlet.
 16490 | Gauntlet | Entered a Gauntlet
 16490 | Gauntlet | Found a transporter.
 16490 | Gauntlet | Found a transporter.
 16494 | Gauntlet | Found a transporter.
 16497 | Gauntlet | Found a transporter.
 16513 | Gauntlet | Found a transporter.
 16533 | Gauntlet | Found a transporter.
 16536 | Gauntlet | Found a transporter.
 16536 | Gauntlet | Found a transporter.
 16540 | Gauntlet | Found a runed translucent door.
 16540 | Gauntlet | Found a runed translucent door.
 16550 | Gauntlet | Found a transporter.
 16566 | Gauntlet | Found a transporter.
 16566 | Gauntlet | Noticed a dire elephant
 16576 | Gauntlet | Found a transporter.
 16581 | Gauntlet | Found a transporter.
 16642 | Gauntlet | Found a transporter.
 16668 | Gauntlet | Found a transporter.
 16928 | Gauntlet | Paralysed by a hornet for 2 turns
 17018 | Gauntlet | Reached skill level 10 in Shields
 17055 | Gauntlet | Identified the ring of Cacom {rN+ rCorr Str+6}
 17122 | Gauntlet | Identified the +4 morningstar of the Secret Xeniums
                  | {freeze, *Noise rElec rPois Str+8}
 17136 | Gauntlet | Got the Codex of Enchantment and Blasting
 17380 | Lair:5   | Killed Caterwaul's ghost
 17400 | Lair:5   | Killed ultrashaft's ghost
 17401 | Lair:5   | Reached skill level 16 in Polearms
 17431 | Lair:5   | Identified the ring of Miaf {+Blink rN+ Str+2}
 17439 | Lair:5   | Identified the ring "Pasem" {Will+ Int+6 Dex+3 Slay+5}
 18888 | Lair:4   | Found a viscous altar of Jiyva.
 18888 | Lair:4   | Found a staircase to the Slime Pits.
 19169 | Lair:4   | Reached XP level 15. HP: 111/119 MP: 15/15
 19934 | Lair:5   | Found a burning altar of Makhleb.
 20252 | Lair:5   | Found a gateway to Hell.
 21033 | Snake:1  | Entered Level 1 of the Snake Pit
 21050 | Lair:2   | Reached skill level 10 in Throwing
 24531 | Snake:2  | Reached XP level 16. HP: 116/129 MP: 16/16
 24539 | Snake:2  | Noticed Donald
 24549 | Snake:2  | Killed Donald
 24550 | Snake:2  | Reached skill level 17 in Polearms
 25478 | Snake:2  | Upgraded the game from 0.30-a0-365-ge7f957f to
                  | 0.30-a0-371-gad7725a
 27463 | Snake:3  | Reached skill level 5 in Dodging
 28490 | Snake:4  | Entered Level 4 of the Snake Pit
 28731 | Snake:4  | Identified the +6 rapier of Honour {spect, rF+ Int+4}
 29168 | Snake:4  | Noticed Aizul
 29450 | Snake:4  | Noticed a nagaraja
 29450 | Snake:4  | Noticed a nagaraja
 30165 | Snake:4  | Reached XP level 17. HP: 105/137 MP: 17/17
 30351 | Snake:3  | Killed Aizul
 30984 | Snake:4  | Reached skill level 5 in Stealth
 31073 | Snake:3  | HP: 2/137 [salamander/+0 trident (5)]
 31485 | Snake:4  | Reached skill level 18 in Polearms
 32491 | Snake:4  | Noticed Vashnia
 32572 | Snake:4  | Killed Vashnia
 32908 | Snake:4  | Got a serpentine rune of Zot
 33148 | Shoals:1 | Entered Level 1 of the Shoals
 33569 | Shoals:1 | Noticed a kraken
 33584 | Shoals:1 | HP: 2/139 [tentacle[a kraken] (20)]
 33585 | Shoals:1 | Killed a kraken
 34387 | Shoals:2 | Noticed Polyphemus
 34408 | Shoals:2 | HP: 6/139 [catoblepas[Polyphemus] (19)]
 34411 | Shoals:2 | Slain by a death yak

Illustrated notes

Levels and vault maps discovered:
D:1:      spicycebolla_arrival_transporter_tutorial, layout_basic,
          hellmonk_ecumenical_altar_leap_of_faith
D:2:      layout_basic, basic_altar, uniq_sigmund, uniq_robin
D:3:      layout_basic, serial_forest, infiniplex_forest_clump_medium,
          infiniplex_forest_lined_room_, infiniplex_forest_straight_3,
          infiniplex_forest_straight_4, nicolae_wormholes, uniq_ijyb
D:4:      layout_loops_cross, minmay_temple_entry_junction_2, serial_shops,
          nicolae_shop_waterfront
D:5:      layout_basic, nemelex_altar_shiori,
          nicolae_overflow_hallway_of_the_gods, chequers_serial_rivers_small_a,
          hangedman_decor_diamond_cutter
D:6:      layout_basic, portal_sewer_entry_d, uniq_edmund
D:7:      hangedman_cross_stitches, layout_rooms, grunt_qazlal_sundering
D:8:      layout_cave_pools, gammafunk_ghost_ooze
D:9:      layout_rooms, uniq_gastronok
D:10:     layout_cave_pools, lair_entry_dummy, orc_0_dummy
D:11:     layout_loops_cross, portal_ice_cave_demonic_guard, st_stairs_11
D:12:     layout_cave_pools, kb_tengu_band
Temple:   hellmonk_temple_divided_pantheon
Lair:1:   layout_cave_pods, uniq_harold, uniq_sonja
Lair:2:   layout_chaotic_city, elwin_shoals_entry_rocks,
          minmay_snake_entry_six_corridors
Lair:3:   hellmonk_destroyed_diamonds, layout_loops_ring
Lair:4:   layout_loops_ring, nicolae_slime_entry_slimehenge
Lair:5:   evil_forest, layout_layer_cave, gauntlet_entry_generic,
          gammafunk_ghost_cemetery, minmay_lair_oklob_bushes, fungi_pond_lemuel,
          serial_bayou_shore_b, infiniplex_staircase_pool_2
Shoals:1: layout_shoals
Shoals:2: layout_shoals, uniq_ilsuiw, uniq_polyphemus
Snake:1:  layout_gridlike
Snake:2:  layout_layer_cave, grunt_megastairs_5, uniq_donald
Snake:3:  layout_layer_cave, grunt_megastairs_4
Snake:4:  johnstein_snake_rune_scales, layout_rooms, nicolae_fountain_basement,
          uniq_aizul
Orc:1:    dreamdust_dug_too_deep, layout_diamond_mine, serial_shops, shop,
          uniq_snorg, uniq_fannar, uniq_maurice
Orc:2:    grunt_orc_gardens, layout_diamond_mine, grunt_orc_garden,
          grunt_orc_garden, grunt_orc_garden, grunt_orc_garden,
          nicolae_orc_crystal_geode

Skill      XL: |  1  2  3  4  5  6  7  8  9 10 11 12 13 14 15 16 17 |
---------------+----------------------------------------------------+-----
Polearms       | 3 5 6 7 9 11 13 14 15 16 17 18 | 18.4
Fighting       | 4 5 6 7 8 9 10 11 12 13 14 | 14.2
Armour         | 3 4 5 6 7 8 9 |  9.8
Dodging        | 1 2 3 4 5 |  5.2
Shields        | 4 5 6 8 9 10 11 12 13 | 13.4
Evocations     | 2 3 4 5 7 8 9 10 11 12 13 | 13.4
Stealth        | 1 2 3 4 5 |  5.0
Throwing       | 5 6 8 9 10 12 13 | 13.0

Action                   |  1- 3 |  4- 6 |  7- 9 | 10-12 | 13-15 | 16-18 || total
-------------------------+-------+-------+-------+-------+-------+-------++-------
Melee: Trident           |   116 |   129 |   227 |       |       |       ||   472
       Demon trident     |       |       |   134 |   675 |  1180 |   865 ||  2854
       Tailslap          |       |       |       |     4 |     1 |    11 ||    16
Throw: Boomerang         |       |     1 |     5 |    91 |    58 |    44 ||   199
       Throwing net      |       |       |     1 |     1 |       |       ||     2
       Dart              |       |       |       |     7 |       |       ||     7
Evoke: Wand              |       |       |     4 |    29 |    14 |     3 ||    50
       Condenser vane    |       |       |       |     1 |     2 |     2 ||     5
       Lightning rod     |       |       |       |       |       |     4 ||     4
  Use: Scroll            |       |     7 |    12 |    16 |     4 |    10 ||    49
       Potion            |       |     2 |     1 |    10 |    12 |    14 ||    39
 Stab: Distracted        |       |       |     1 |     4 |     8 |     9 ||    22
       Invisible         |       |       |       |       |       |     4 ||     4
Armor: Scale mail        |    48 |    27 |     3 |       |       |       ||    78
       Chain mail        |       |       |   189 |   166 |       |       ||   355
       Plate armour      |       |       |       |   105 |   349 |   234 ||   688
Dodge: Dodged            |    50 |    24 |    96 |   123 |   275 |   212 ||   780
Block: Buckler           |    25 |    18 |    82 |   113 |       |       ||   238
       Kite shield       |       |       |       |   113 |   658 |   421 ||  1192
       Tower shield      |       |       |       |    65 |       |       ||    65

Table legend: (Time is in decaauts)
 A = Elapsed time spent in this place.
 B = Non-inter-level travel time spent in this place.
 C = Inter-level travel time spent in this place.
 D = Time resting spent in this place.
 E = Time spent auto-exploring this place.
 F = Levels seen in this place.
 G = Mean time per level.
                   A        B        C        D        E       F      G
               +--------+--------+--------+--------+--------+-----+--------+
         Total |  33463 |  32944 |    519 |   7744 |   8375 |  29 | 1153.9 |
       Dungeon |   9251 |   8943 |    308 |    297 |   3123 |  12 |  770.9 |
        Temple |     37 |     37 |      0 |      0 |      0 |   1 |   37.0 |
          Lair |   7624 |   7596 |     28 |   1788 |   2522 |   5 | 1524.8 |
        Shoals |   1148 |   1148 |      0 |    573 |      0 |   2 |  574.0 |
     Snake Pit |  10518 |  10426 |     92 |   3991 |   1995 |   4 | 2629.5 |
  Orcish Mines |   2847 |   2759 |     88 |    530 |    719 |   2 | 1423.5 |
         Sewer |    187 |    187 |      0 |     22 |     15 |   1 |  187.0 |
      Ice Cave |   1214 |   1214 |      0 |    481 |      0 |   1 | 1214.0 |
      Gauntlet |    633 |    633 |      0 |     60 |      0 |   1 |  633.0 |
               +--------+--------+--------+--------+--------+-----+--------+

Top non-repeatable levels by time:
 Snake:3: 4473 daAuts
  Lair:2: 2611 daAuts
 Snake:2: 2295 daAuts
  Lair:5: 2020 daAuts
 Snake:4: 1977 daAuts
 Snake:1: 1771 daAuts
   Orc:1: 1666 daAuts
   IceCv: 1214 daAuts
   Orc:2: 1180 daAuts
  Lair:4: 1101 daAuts
  Lair:1: 1097 daAuts
Shoals:1: 1095 daAuts
     D:2: 1003 daAuts
     D:3: 973 daAuts
     D:5: 965 daAuts
